 Dungeon Crawl Stone Soup version 0.32-a0-913-g739538afd8 (webtiles) character file.

Game seed: 9485892988562484732

410 Revguard the Sneak (level 6, 0/30 HPs)
             Began as a Vine Stalker Enchanter on Apr 9, 2024.
             Slain by a gnoll
             ... wielding a +0 halberd
              (7 damage)
             ... on level 3 of the Dungeon.
             The game lasted 00:09:51 (2678 turns).

Revguard the Sneak (Vine Stalker Enchanter)         Turns: 2678, Time: 00:09:52

Health: 0/30       AC:  4    Str: 11    XL:     6   Next: 89%
Magic:  0/11       EV: 11    Int: 15    God:
Gold:   156        SH:  0    Dex: 16    Spells: 4/11 levels left

rFire   . . .        n - +2 dagger (freeze)
rCold   + . .        (no shield)
rNeg    . . .        j - +0 leather armour {rPois}
rPois   +            m - +0 helmet
rElec   .            (no cloak)
rCorr   .            (no gloves)
SInv    .            (no boots)
Will    .....        (no amulet)
Stlth   +++          f - ring of protection from cold
HPRegen 1.05/turn    (no ring)
MPRegen 0.12/turn

%: guardian spirit
@: no status effects
A: fangs 2, regeneration 1, magic shield, antimagic bite, no potion heal 2
a: no special abilities


You were on level 3 of the Dungeon.
You visited 1 branch of the dungeon, and saw 3 of its levels.

You collected 156 gold pieces.

Inventory:

Hand Weapons
 a - a +1 dagger
 n - a +2 dagger of freezing (weapon)
Armour
 b - a +0 robe
 g - a +0 leather armour
 j - a +0 leather armour of poison resistance (worn)
 m - a +0 helmet (worn)
Jewellery
 f - a ring of protection from cold (left hand)
 p - an amulet of the acrobat
Scrolls
 e - 3 scrolls of identify {unknown}
 h - a scroll of torment {unknown}
 l - a scroll of enchant weapon {unknown}
Potions
 d - a potion of haste {unknown}
 i - 2 potions of ambrosia {unknown}
 k - a potion of enlightenment
 o - a potion of mutation {unknown}


   Skills:
 + Level 1.9 Fighting
 + Level 1.9 Short Blades
 + Level 1.6 Armour
 + Level 2.5 Dodging
 + Level 4.5 Stealth
 + Level 1.2 Shields
 + Level 3.1 Spellcasting
 + Level 3.7 Hexes
 + Level 1.8 Necromancy
 - Level 1.1 Evocations


You had 4 spell levels left.
You knew the following spells:

 Your Spells              Type           Power      Damage    Failure   Level
a - Ensorcelled Hibernat  Hex/Ice        14%        N/A       19%         2
b - Jinxbite              Hex            26%        N/A       9%          2
c - Confusing Touch       Hex            13%        N/A       17%         3

Your spell library contained the following spells:

 Spells                   Type           Power      Damage    Failure   Level
 Tukima's Dance           Hex            13%        N/A       17%         3
 Sublimation of Blood     Necr           7%         N/A       19%         2
 Sting                    Conj/Alch      8%         1d3       26%         1
 Call Imp                 Summ           4%         N/A       36%         2
 Mercury Vapours          Alch/Air       4%         N/A       36%         2
 Static Discharge         Conj/Air       4%         3-4/arc   36%         2
 Dazzling Flash           Conj/Hex       14%        N/A       36%         3
 Mephitic Cloud           Conj/Alch/Air  2%         N/A       61%         3
 Olgreb's Toxic Radiance  Alch           2%         N/A       95%         4
 Summon Hydra             Summ           1%         N/A       100%        7


Dungeon Overview and Level Annotations

Branches:
Dungeon (3/15)

Altars:


Innate Abilities, Weirdness & Mutations

You have extremely sharp teeth.
Your natural rate of healing is unusually fast.
When hurt, damage is shared between your health and your magic reserves.
Your bite disrupts and absorbs the magic of your enemies.
Potions cannot restore your health.


Message History

Press: ? - help, Q - select action, (/) - cycle Shift-Dir - straight line, f - gnoll
Aim: a gnoll, wielding a +0 flail (chance to affect: 50%)
The gnoll looks drowsy...
The gnoll closely misses you.
The helpless gnoll fails to defend itself.
You impale the gnoll!! You freeze the gnoll.
You kill the gnoll!
The kobold throws a stone.
The stone completely misses you. The gnoll barely misses you.
Aiming: Ensorcelled Hibernation (safe; 19% risk of failure)
Press: ? - help, Q - select action, (/) - cycle Shift-Dir - straight line, f - hobgoblin
Aim: a hobgoblin (chance to affect: 58%)
The hobgoblin resists with significant effort.
The gnoll hits you from afar with a +0 halberd.
The hobgoblin barely misses you.
You hit the hobgoblin. You freeze the hobgoblin.
Your bite misses the hobgoblin.
The hobgoblin is severely wounded.
The gnoll barely misses you. The hobgoblin hits you.
The gnoll barely misses you.
You hit the hobgoblin but do no damage.
The hobgoblin is severely wounded.
The gnoll barely misses you. The hobgoblin closely misses you.
The gnoll hits you but does no damage.
You hit the hobgoblin. You freeze the hobgoblin.
You kill the hobgoblin!
The gnoll hits you but does no damage.
The kobold throws a stone.
The stone barely misses you. The gnoll completely misses you.
The gnoll closely misses you. The gnoll misses you.
The gnoll hits you from afar with a +0 halberd!
The gnoll hits you but does no damage. The gnoll hits you with a +0 halberd!
* * * LOW HITPOINT WARNING * * *
The gnoll barely misses you. The gnoll closely misses you.
The hobgoblin closely misses you.
There is an open door, spattered with blood here.
Items here: ( )) †††.
The gnoll hits you with a +0 halberd!
You die...

#~..~~~...~.~~~.~.~.~~~.~.~.
#~~≈~~~~~~~~~~~~~~~~~~~≈~~~~
#≈≈≈≈≈≈≈≈≈≈≈≈≈≈≈≈≈≈≈≈≈≈≈≈≈~~
#≈≈≈≈≈≈≈#####≈≈≈≈≈≈≈≈≈≈≈≈≈≈≈
#≈≈≈≈≈≈≈#$$$################
≈≈ #$K$#......## ##....
#ggg#.......###.....
#)##........#...)..
#g@.........#......
#...........'......
#...........#......
#)##........#......
#.).#.......###.....
#...#......## ##....
#...######## ##### #####


You could see 3 gnolls and a kobold.

Vanquished Creatures
  Sigmund (D:3)
  Jessica (D:3)
  Robin (D:3)
  8 gnolls (D:3)
  An adder (D:2)
  2 dart slugs (D:1)
  4 ribbon worms
  4 ball pythons
  3 bats
  7 endoplasms
  23 goblins
  21 hobgoblins
  8 jackals
  6 kobolds
  A quokka (D:1)
  4 frilled lizards
  7 rats
102 creatures vanquished.

Notes
Turn   | Place    | Note
-------+----------+-------------------------------------------
     0 | D:1      | Revguard the Vine Stalker Enchanter began the quest for the
                  | Orb.
     0 | D:1      | Reached XP level 1. HP: 9/9 MP: 4/4
   106 | D:1      | Reached skill level 1 in Short Blades
   111 | D:1      | Reached XP level 2. HP: 13/13 MP: 3/6
   331 | D:1      | Reached XP level 3. HP: 17/17 MP: 7/7
   334 | D:1      | Learned a level 2 spell: Ensorcelled Hibernation
  1096 | D:2      | Reached XP level 4. HP: 21/21 MP: 5/8
  1159 | D:2      | Got the Papyrus of the Entrancing Lungs
  1167 | D:2      | Learned a level 2 spell: Jinxbite
  1171 | D:2      | Learned a level 3 spell: Confusing Touch
  1376 | D:2      | Found a faded altar of an unknown god.
  1413 | D:2      | Reached skill level 1 in Fighting
  1507 | D:2      | Reached skill level 1 in Evocations
  1673 | D:3      | Reached skill level 4 in Stealth
  1797 | D:3      | Noticed Jessica
  1799 | D:3      | Killed Jessica
  1800 | D:3      | Reached skill level 1 in Armour
  1800 | D:3      | Reached skill level 1 in Necromancy
  2047 | D:3      | Noticed Sigmund
  2064 | D:3      | Killed Sigmund
  2065 | D:3      | Reached XP level 5. HP: 17/25 MP: 6/10
  2065 | D:3      | Reached XP level 6. HP: 20/30 MP: 6/11
  2135 | D:3      | Noticed Robin
  2162 | D:3      | Killed Robin
  2253 | D:3      | Reached skill level 1 in Shields
  2678 | D:3      | Slain by a gnoll

Illustrated notes

Levels and vault maps discovered:
D:1:      minmay_arrival_solitary_statue, layout_basic, st_stairs_7
D:2:      layout_loops_corners, ebering_ecumenical_altar_rust
D:3:      minmay_goblin_kobold_castle, layout_loops_ring,
          chequers_serial_rivers_large_b, uniq_jessica, uniq_sigmund, uniq_robin

Skill      XL: |  1  2  3  4  5  6 |
---------------+-------------------+-----
Short Blades   | 1 |  1.9
Fighting       | 1 |  1.9
Evocations     | 1 |  1.1
Dodging        | 2 |  2.5
Stealth        | 4 |  4.5
Armour         | 1 |  1.6
Necromancy     | 1 |  1.8
Spellcasting   | 3 |  3.1
Shields        | 1 |  1.2
Hexes          | |  3.7

Action                     |  1- 3 |  4- 6 || total
---------------------------+-------+-------++-------
  Melee: Dagger            |   127 |   148 ||   275
         Bite              |    37 |    39 ||    76
   Cast: Ensorcelled Hiber |     9 |    20 ||    29
         Confusing Touch   |       |     2 ||     2
         Jinxbite          |       |     1 ||     1
    Use: Potion            |       |     3 ||     3
   Stab: Sleeping          |    11 |    19 ||    30
         Invisible         |       |     1 ||     1
 Armour: Robe              |    66 |       ||    66
         Leather armour    |     4 |   109 ||   113
  Dodge: Dodged            |    65 |   120 ||   185

Table legend: (Time is in decaauts)
 A = Elapsed time spent in this place.
 B = Non-inter-level travel time spent in this place.
 C = Inter-level travel time spent in this place.
 D = Time resting spent in this place.
 E = Time spent auto-exploring this place.
 F = Levels seen in this place.
 G = Mean time per level.
                   A        B        C        D        E       F      G
               +--------+--------+--------+--------+--------+-----+--------+
         Total |   2685 |   2626 |     59 |     52 |   1818 |   3 |  895.0 |
       Dungeon |   2685 |   2626 |     59 |     52 |   1818 |   3 |  895.0 |
               +--------+--------+--------+--------+--------+-----+--------+

Top non-repeatable levels by time:
     D:2: 1117 daAuts
     D:3: 1081 daAuts
     D:1: 486 daAuts
